 Dungeon Sprint DCSS version 0.27-a0-1158-gaa87e14f67 (webtiles) character file.

Game seed: 6344217971707216265

2816 Zeld the Summoner (level 9, -5/66 HPs)
             Began as an Octopode Summoner on May 15, 2021.
             Was an Elder of Fedhas.
             Slain by an air elemental (6 damage)
             ... in the Dungeon (Sprint V: "Ziggurat Sprint").
             The game lasted 00:04:53 (1773 turns).

Zeld the Summoner (Octopode Summoner)               Turns: 1773, Time: 00:04:54

Health: -5/66      AC:  2    Str: 20    XL:     9   Next: 72%
Magic:  11/21      EV: 18    Int: 38    God:    Fedhas [****..]
Gold:   0          SH:  0    Dex: 16    Spells: 8/25 levels left

rFire    . . .     SeeInvis +   (no weapon)
rCold    . . .     Faith    .   (no shield)
rNeg     + . .     Spirit   .   (helmet restricted)
rPois    .         Reflect  .   y - amulet "Itsenas" {Regen+ rCorr Int+5 Dex+2 SInv}
rElec    .         Harm     .   v - +6 ring of strength
rCorr    +         Rampage  .   u - +6 ring of strength
Will     .....     NoTele   +   t - +6 ring of intelligence
Stlth    +++.......             s - +6 ring of intelligence
HPRegen  1.21/turn              x - ring of the Octopus King {rN+ AC+1 EV+1 Str+1 Int+1 Dex+1}
MPRegen  0.17/turn              (no ring)
                                (no ring)
                                (no ring)

@: no status effects
A: almost no armour, amphibious, 8 rings, camouflage 1, gelatinous body 1,
(nimble swimmer 1), tentacles
a: Renounce Religion, Wall of Briars, Grow Ballistomycete, Overgrow


You were in the Dungeon.
You worshipped Fedhas.
Fedhas was greatly pleased with you.
You visited 1 branch

Inventory:

Jewellery
 s - a +6 ring of intelligence (on tentacle)
 t - a +6 ring of intelligence (on tentacle)
 u - a +6 ring of strength (right tentacle)
 v - a +6 ring of strength (left tentacle)
 x - a ring of the Octopus King (on tentacle) {rN+ AC+1 EV+1 Str+1 Int+1 Dex+1}
   (You found it in the Dungeon)

   [ring of positive energy]

   It affects your AC (+1).
   It affects your evasion (+1).
   It affects your strength (+1).
   It affects your intelligence (+1).
   It affects your dexterity (+1).
   It protects you from negative energy.
 y - the amulet "Itsenas" (around mantle) {Regen+ rCorr Int+5 Dex+2 SInv}
   (You found it in the Dungeon)

   [amulet of regeneration]

   It affects your intelligence (+5).
   It affects your dexterity (+2).
   It lets you see invisible.
   It increases your rate of health regeneration.
   It protects you from acid and corrosion.
Wands
 p - a wand of mindburst (7)
Scrolls
 g - a scroll of blinking
 j - 4 scrolls of amnesia
 l - 7 scrolls of fog
 m - a scroll of holy word
 n - 5 scrolls of identify
 o - a scroll of fear
Potions
 a - 2 potions of brilliance
 b - 9 potions of curing
 c - 7 potions of heal wounds
 d - 6 potions of haste
 e - 7 potions of magic
 f - 3 potions of berserk rage
 h - a potion of invisibility
 i - 4 potions of resistance
 k - 5 potions of might
Miscellaneous
 q - a lightning rod (4/4)
 r - a phantom mirror (inert)
 w - a lightning rod (4/4)
 z - a condenser vane


   Skills:
 + Level 8.0 Fighting
 + Level 8.2 Dodging
 - Level 2.6 Stealth
 + Level 8.5 Spellcasting
 * Level 13.0 Summonings
 * Level 11.9 Invocations


You had 8 spell levels left.
You knew the following spells:

 Your Spells              Type           Power      Damage    Failure   Level
a - Summon Small Mammal   Summ           100%       N/A       0%          1
b - Call Imp              Summ           86%        N/A       0%          2
c - Call Canine Familiar  Summ           86%        N/A       1%          3
d - Summon Guardian Gole  Hex/Summ       60%        N/A       1%          3
e - Summon Ice Beast      Ice/Summ       60%        N/A       1%          4
f - Summon Lightning Spi  Summ/Air       60%        N/A       1%          4

Your spell library contained the following spells:

 Spells                   Type           Power      Damage    Failure   Level
 Corona                   Hex            17%        N/A       2%          1
 Sandblast                Erth           32%        2d9       2%          1
 Sting                    Tmut/Pois      64%        1d6       2%          1
 Passwall                 Tmut/Erth      13%        N/A       3%          2
 Poisonous Vapours        Pois/Air       32%        N/A       3%          2
 Slow                     Hex            16%        N/A       3%          2
 Confusing Touch          Hex            16%        N/A       7%          3
 Ignite Poison            Fire/Tmut/Pois 16%        N/A       7%          3
 Inner Flame              Hex/Fire       16%        N/A       7%          3
 Mephitic Cloud           Conj/Pois/Air  16%        N/A       7%          3
 Portal Projectile        Hex/Tloc       32%        N/A       7%          3
 Stone Arrow              Conj/Erth      32%        3d9       7%          3
 Cause Fear               Hex            8%         N/A       24%         4
 Leda's Liquefaction      Hex/Erth       8%         N/A       24%         4
 Olgreb's Toxic Radiance  Pois           16%        N/A       24%         4
 Petrify                  Tmut/Erth      16%        N/A       24%         4
 Lee's Rapid Deconstruct  Erth           8%         3d8*      54%         5
 Yara's Violent Unravell  Hex/Tmut       8%         3d5       54%         5
 Animate Armour           Summ/Erth      Unusable   N/A       N/A         4

Dungeon Overview and Level Annotations

Branches:
Dungeon (1/1)

Altars:
Ashenzari
Cheibriados
Dithmenos
Elyvilon
Fedhas
Gozag
Hepliaklqana
Kikubaaqudgha
Makhleb
Nemelex Xobeh
Okawaru
Qazlal
Ru
Sif Muna
Trog
Uskayaw
Vehumet
Wu Jian
Xom
Yredelemnul
Zin
The Shining One
Beogh
Jiyva
Lugonu

Annotations:
D 1 transporter


Innate Abilities, Weirdness & Mutations

You cannot wear most types of armour.
You are amphibious.
You can wear up to eight rings at the same time.
Your skin changes colour to match your surroundings (Stealth+).
Your rubbery body absorbs attacks. (AC +1, EV +1)
((You are camouflaged near water. (Stealth+)))
You have tentacles for arms and can constrict up to eight enemies at once.


Message History

The vortex of raging winds lifts you up.
You fly up into the air.
The winds around the air elemental start to calm down. x2
The air elemental hits your wandering mushroom.
The air elemental hits you.
The wind drake flaps its wings at your wandering mushroom.
The air twists around and strikes your wandering mushroom!
The air elemental hits your wandering mushroom.
The air elemental hits you. The air elemental barely misses you.
Your wandering mushroom releases spores at the air elemental.
Unknown command.
Aiming: Overgrow
Press: ? - help, Dir - move target, f - you You cannot grow anything here.
Casting: Summon Ice Beast (dangerous; 1% risk of failure)
Confirm with . or Enter, or press ? or * to list all spells.
A beastly little devil appears in a puff of frigid air.
You are engulfed in raging winds.
The air elemental hits you.
The air elemental hits your wandering mushroom!
The air elemental completely misses you. x2
The air elemental barely misses you.
The air elemental hits your wandering mushroom but does no damage.
The air elemental hits you. The air elemental hits you!
* * * LOW HITPOINT WARNING * * *
The air elemental barely misses you.
The air elemental hits your wandering mushroom!
Your wandering mushroom releases spores at the air elemental!
As you read the scroll of fear, it crumbles to dust.
You assume a fearsome visage.
Your white imp is unaffected.
Your wandering mushroom is unaffected.
The air elemental is unaffected. x4; The wind drake looks frightened!
The air elemental is unaffected.
You float gracefully downwards.
The air elemental barely misses you. The air elemental closely misses you.
The air elemental misses you.
The air elemental hits your wandering mushroom.
The air elemental hits you!
* * * LOW HITPOINT WARNING * * *
The air elemental barely misses you. The air elemental hits you.
You die...
Fedhas appreciates your contribution to the ecosystem.

▓..8©8...▓..8©8...▓
▓..).|...▓........▓
▓........▓..).[...▓
▓........▓........▓
▓........▓...÷....▓
▓.▓.)..▓.▓.▓....▓.▓
▓...©....▓...©....▓
▓▓▓▓▓▓▓▓▓▓▓▓▓▓▓▓▓▓▓
▓.§8f@§§▓ ▓..EEEE5▓
▓§§§|E§§▓ ▓§.§.§.§▓
▓...k...▓ ▓§......▓
▓.§§§.§§▓ ▓..§....▓
▓§§§§.§§▓


You could see a wind drake (repels missiles, fleeing), 5 air elementals, a
friendly wandering mushroom (summoned) and a friendly white imp (summoned).

Vanquished Creatures
  2 dancing weapons (D)
  A death drake (shapeshifter) (D)
  A deep elf zephyrmancer (D)
  An ugly thing (D)
  A fire bat (shapeshifter) (D)
  A necrophage (D)
  A wight (D)
  An adder zombie (D)
  A bat zombie (D)
  2 endoplasms (D)
  A quokka zombie (D)
13 creatures vanquished.

Vanquished Creatures (collateral kills)
  A phantom (D)
  A killer bee (shapeshifter) (D)
  A bat skeleton (D)
  A ball python zombie (D)
4 creatures vanquished.

Vanquished Creatures (others)
  An ogre (shapeshifter) (D)
1 creature vanquished.

Grand Total: 18 creatures vanquished

Notes
Turn   | Place    | Note
-------+----------+-------------------------------------------
     0 | D        | Zeld the Octopode Summoner began the quest for the Orb.
     0 | D        | Reached XP level 1. HP: 11/11 MP: 3/3
     0 | D        | Found a shimmering blue altar of Sif Muna.
     0 | D        | Found a bloodstained altar of Trog.
     0 | D        | Found a sacrificial altar of Ru.
     0 | D        | Found a stormy altar of Qazlal.
     0 | D        | Found an iron altar of Okawaru.
     2 | D        | Found a sparkling altar of Nemelex Xobeh.
     3 | D        | Found the +6 Majin-Bo {vamp, MP+6 Int+6}
     3 | D        | Found the +9 heavy crossbow "Sniper" {vorpal, Acc+∞ SInv}
     3 | D        | Found the +10 dark maul {vorpal}
     3 | D        | Found the +15 Maxwell's patent armour {-Cast -Tele rElec
                  | Will+ rCorr}
     3 | D        | Found the +18 shield of the Gong {rElec rN+ Will+ EV-5}
     3 | D        | Found the +14 obsidian axe {vorpal, Drain Fly SInv}
     3 | D        | Found the +7 great mace "Firestarter" {inner flame, rF++}
     3 | D        | Found the +6 shillelagh "Devastator" {shatter}
     3 | D        | Found the +11 plutonium sword {Contam Stlth-}
     3 | D        | Found the +8 lance "Wyrmbane" {slay drac, rPois rF+ rC+
                  | AC+3}
     3 | D        | Found the +9 sword of Zonguldrok {reap}
     3 | D        | Found the +13 scythe of Curses {drain, Drain}
     3 | D        | Found the +5 sword of Power {vorpal}
     3 | D        | Found the +7 mace of Variability {chain chaos}
     3 | D        | Found the +7 Singing Sword {vorpal, sonic wave}
     3 | D        | Found the +8 storm bow {elec, penet}
     3 | D        | Found a blossoming altar of Fedhas.
     6 | D        | Found an ancient bone altar of Kikubaaqudgha.
     6 | D        | Found a transporter.
     6 | D        | Found a corrupted altar of Lugonu.
     6 | D        | Found a viscous altar of Jiyva.
     6 | D        | Found a burning altar of Makhleb.
     6 | D        | Found a hazy altar of Hepliaklqana.
     6 | D        | Found an opulent altar of Gozag.
     8 | D        | Reached skill level 7 in Summonings
     8 | D        | Reached XP level 2. HP: 17/17 MP: 4/7
    38 | D        | Became a worshipper of Fedhas Madash
   133 | D        | Learned a level 2 spell: Call Imp
   136 | D        | Entered arena 2.
   136 | D        | Found a transporter.
   137 | D        | Found the ring of the Octopus King {rN+ AC+1 EV+1 Str+1
                  | Int+1 Dex+1}
   196 | D        | Got a ring of the Octopus King {rN+ AC+1 EV+1 Str+1 Int+1
                  | Dex+1}
   401 | D        | Entered arena 3.
   401 | D        | Noticed a +2 halberd of protection
   401 | D        | Noticed a +2 vorpal war axe
   401 | D        | Noticed a deep elf zephyrmancer
   401 | D        | Found a transporter.
   408 | D        | Killed a +2 halberd of protection
   408 | D        | Reached * piety under Fedhas
   409 | D        | Reached skill level 5 in Fighting
   409 | D        | Reached skill level 5 in Dodging
   409 | D        | Reached skill level 10 in Summonings
   409 | D        | Reached XP level 3. HP: 29/29 MP: 8/11
   409 | D        | Reached XP level 4. HP: 35/35 MP: 8/12
   409 | D        | Reached XP level 5. HP: 39/39 MP: 9/14
   409 | D        | Reached XP level 6. HP: 45/45 MP: 9/15
   409 | D        | Reached XP level 7. HP: 50/50 MP: 9/16
   414 | D        | Killed a deep elf zephyrmancer
   415 | D        | Reached skill level 11 in Summonings
   415 | D        | Reached XP level 8. HP: 13/57 MP: 9/18
   415 | D        | Killed a +2 vorpal war axe
   415 | D        | Reached ** piety under Fedhas
   416 | D        | Reached skill level 12 in Summonings
   416 | D        | Reached skill level 10 in Invocations
   416 | D        | Reached XP level 9. HP: 14/63 MP: 10/20
   420 | D        | Learned a level 3 spell: Call Canine Familiar
   424 | D        | Learned a level 3 spell: Summon Guardian Golem
   429 | D        | Learned a level 4 spell: Summon Ice Beast
   434 | D        | Learned a level 4 spell: Summon Lightning Spire
   644 | D        | Entered arena 4.
   644 | D        | Found a transporter.
   649 | D        | Reached *** piety under Fedhas
   659 | D        | Got the amulet "Itsenas" {Regen+ rCorr Int+5 Dex+2 SInv}
   867 | D        | Entered arena 5.
   867 | D        | Found a transporter.
   885 | D        | Reached **** piety under Fedhas
  1182 | D        | Got Sif Muna's Tome of Hexes and Earth
  1343 | D        | Entered arena 6.
  1343 | D        | Noticed a green ugly thing
  1343 | D        | Found a transporter.
  1359 | D        | Killed a green ugly thing
  1359 | D        | Reached ***** piety under Fedhas
  1359 | D        | Noticed a death drake
  1359 | D        | a blink frog changed into a death drake
  1366 | D        | Killed a death drake
  1367 | D        | Reached skill level 13 in Summonings
  1766 | D        | Entered arena 7.
  1766 | D        | Noticed a wind drake
  1768 | D        | Found a transporter.
  1773 | D        | HP: 1/66 [air elemental (13)]
  1773 | D        | Slain by an air elemental

Illustrated notes

Levels and vault maps discovered:
D:        sprint_v [room_start, room_1, room_2, room_3, room_4, room_5, room_6,
          room_7, room_8, room_9, room_10, room_11, room_12, room_13, room_14,
          room_15, room_16, room_17, room_18, room_19, room_20, room_21,
          room_22, room_23, room_24, room_25, room_26, room_27]

Skill      XL: |  1  2  3  4  5  6  7  8  9 |
---------------+----------------------------+-----
Spellcasting   | 4 6 7 8 |  8.5
Summonings     | 7 10 11 12 13 | 13.0
Fighting       | 5 6 8 |  8.0
Dodging        | 5 6 7 8 |  8.2
Invocations    | 8 9 10 11 | 11.9
Stealth        | |  2.6

Action                   |  1- 3 |  4- 6 |  7- 9 || total
-------------------------+-------+-------+-------++-------
Melee: Unarmed           |     2 |       |    19 ||    21
       Tentacles         |     2 |       |     4 ||     6
       Constrict         |       |       |     2 ||     2
 Cast: Summon Small Mamm |     3 |       |       ||     3
       Summon Guardian G |       |       |     4 ||     4
       Summon Ice Beast  |       |       |     3 ||     3
       Summon Lightning  |       |       |     3 ||     3
       Call Imp          |       |       |     1 ||     1
Invok: Wall of Briars    |       |       |     1 ||     1
       Overgrow          |       |       |     1 ||     1
Evoke: Wand              |     6 |       |     8 ||    14
       Lightning rod     |       |       |     6 ||     6
       Phantom mirror    |       |       |     1 ||     1
  Use: Potion            |     2 |       |     4 ||     6
       Scroll            |       |       |     4 ||     4
Armor: Skin              |       |       |     5 ||     5
Dodge: Dodged            |       |       |    62 ||    62

Table legend: (Time is in decaauts)
 A = Elapsed time spent in this place.
 B = Non-inter-level travel time spent in this place.
 C = Inter-level travel time spent in this place.
 D = Time resting spent in this place.
 E = Time spent auto-exploring this place.
 F = Levels seen in this place.
 G = Mean time per level.
                   A        B        C        D        E       F      G
               +--------+--------+--------+--------+--------+-----+--------+
         Total |   1777 |   1777 |      0 |   1577 |      0 |   1 | 1777.0 |
       Dungeon |   1777 |   1777 |      0 |   1577 |      0 |   1 | 1777.0 |
               +--------+--------+--------+--------+--------+-----+--------+

Top non-repeatable levels by time:
       D: 1777 daAuts
